 Dungeon Crawl Stone Soup version 0.30-a0-711-gf4ac18a38d (webtiles) character file.

Game seed: 16555201899064568357

404 drugrobin the Insei (level 6, -1/50 HPs)
             Began as a Demigod Delver on Jan 22, 2023.
             Slain by a kobold
             ... wielding a +0 short sword
              (2 damage)
             ... on level 6 of the Dungeon.
             The game lasted 00:11:02 (4322 turns).

drugrobin the Insei (Demigod Delver)                Turns: 4322, Time: 00:11:03

Health: -1/50      AC:  7    Str: 17    XL:     6   Next: 30%
Magic:  8/8        EV: 10    Int: 12    God:
Gold:   189        SH:  0    Dex: 19    Spells: 3/5 levels left

rFire   . . .      SeeInvis .      - Unarmed
rCold   . . .      Faith    .    (no shield)
rNeg    . . .      Spirit   .    q - +0 scale mail
rPois   .          Reflect  .    y - +0 helmet
rElec   .          Harm     .    (no cloak)
rCorr   .          Rampage  .    (no gloves)
Will    .....                    (no boots)
Stlth   ++                       (no amulet)
HPRegen 0.28/turn                (no ring)
MPRegen 0.11/turn                (no ring)

@: brilliant, lethally poisoned (-1 -> -4), flying, slowed, very slow
A: high MP 1, forlorn, divine attributes
a: no special abilities


You were on level 6 of the Dungeon.
You visited 1 branch of the dungeon, and saw 6 of its levels.

You collected 189 gold pieces.

Inventory:

Hand Weapons
 b - a +0 sling
 c - a +1 dagger of venom
 d - a +4 flail
 s - a +2 spear of venom
Missiles
 k - a throwing net
 v - 5 poisoned darts
Armour
 a - a +0 leather armour
 q - a +0 scale mail (worn)
 y - a +0 helmet (worn)
Magical Staves
 h - a staff of cold
Jewellery
 x - a ring of ice
Wands
 f - a wand of digging (8)
Scrolls
 i - 3 scrolls of identify {unknown}
 j - a scroll of summoning {unknown}
 l - a scroll of teleportation {unknown}
 m - a scroll of fog
 p - a scroll of magic mapping
 r - 2 scrolls of enchant armour {unknown}
 B - 3 scrolls of poison {unknown}
 D - a scroll of immolation {unknown}
Potions
 e - a potion of haste
 g - a potion of invisibility {unknown}
 n - a potion of mutation {unknown}
 o - a potion of brilliance
 u - a potion of lignification {unknown}
 w - a potion of flight
 z - a potion of experience {unknown}
 A - 2 potions of ambrosia {unknown}
 C - a potion of degeneration {unknown}


   Skills:
 - Level 2.6 Fighting
 - Level 1.7 Dodging
 - Level 4.5 Stealth
 + Level 6.5 Unarmed Combat


You had 3 spell levels left.
You knew the following spells:

 Your Spells              Type           Power      Damage    Failure   Level
a - Scorch                Fire           0%         2d5       88%         2

Your spell library contained the following spells:

 Spells                   Type           Power      Damage    Failure   Level
 Call Canine Familiar     Summ           0%         N/A       98%         3
 Ignite Poison            Fire/Tmut/Pois 0%         N/A       98%         3
 Kindle Blastsparks       Fire/Tloc/Air  0%         2d10      98%         3
 Portal Projectile        Hex/Tloc       0%         N/A       98%         3
 Spider Form              Tmut/Pois      0%         N/A       98%         3
 Leda's Liquefaction      Hex/Erth       0%         N/A       100%        4
 Fireball                 Conj/Fire      0%         3d3       100%        5
 Freezing Cloud           Conj/Ice/Air   0%         6-21      100%        5


Dungeon Overview and Level Annotations

Branches:
Dungeon (6/15)
 Temple: D:4-7

Shops:
D:3 [


Innate Abilities, Weirdness & Mutations

You have an increased reservoir of magic. (+10% MP)
You shall have no god before yourself.
Your divine heritage dramatically boosts your attributes as you level up.


Message History

Unknown command.
Unknown command.
Okay, then.
Unknown command.
Unknown command.
Unknown command.
Unknown command.
Unknown command.
Unknown command.
Unknown command.
Found a cyan potion.
* * * LOW HITPOINT WARNING * * *
You feel very sick.
The kobold shouts!
Unknown command.
Unknown command.
Unknown command.
Unknown command.
Unknown command.
The kobold attacks as you move away! The kobold barely misses you.
* * * LOW HITPOINT WARNING * * *
You feel very sick.
Unknown command.
Unknown command.
It was a potion of brilliance.
You feel clever all of a sudden.
* * * LOW HITPOINT WARNING * * *
You feel very sick.
The kobold hits you with a +0 short sword.
* * * LOW HITPOINT WARNING * * *
The kobold hits you but does no damage.
Unknown command.
Unknown command.
It was a potion of flight.
You feel very buoyant.
You fly up into the air.
* * * LOW HITPOINT WARNING * * *
You feel sick.
The kobold hits you with a +0 short sword.
You die...

## .##
....# ....#
...! ...
##.##
####K..####
+.@KK.....#
####g..##.#
#..## #..#
#g.# #+
#..# #.
#..###.# #.
#......#
##.##
##.#####


You could see a kobold brigand, a gnoll and 2 kobolds.

Vanquished Creatures
  A phantom (D:6)
  A hound (D:4)
  Terence (D:2)
  Natasha (thrice) (D:2)
  3 adders
  10 gnolls
  An ufetubus (D:4)
  A worm (D:3)
  2 orcs
  2 bats
  6 endoplasms
  5 giant cockroaches
  9 goblins
  6 hobgoblins
  5 jackals
  4 quokkas
  2 ball pythons (D:1)
  2 frilled lizards
  5 kobolds
  5 rats
74 creatures vanquished.

Vanquished Creatures (others)
  11 fungi (D:2)
  6 plants (D:1)
17 creatures vanquished.

Grand Total: 91 creatures vanquished

Notes
Turn   | Place    | Note
-------+----------+-------------------------------------------
     0 | D:5      | drugrobin the Demigod Delver began the quest for the Orb.
     0 | D:5      | Reached XP level 1. HP: 18/18 MP: 3/3
    16 | D:5      | Noticed an orc wizard
    16 | D:5      | Noticed an orc priest
    18 | D:5      | Noticed a hound
    23 | D:5      | Noticed a phantom
   127 | D:4      | Reached skill level 2 in Unarmed Combat
   147 | D:5      | Noticed an iguana
   190 | D:4      | Noticed a hound
   290 | D:3      | Found Juyryuta's Armour Emporium.
   377 | D:3      | Reached XP level 2. HP: 21/25 MP: 4/4
   544 | D:3      | Reached skill level 3 in Unarmed Combat
   664 | D:3      | Reached XP level 3. HP: 10/30 MP: 5/5
   776 | D:3      | Got the Tractate on Red-Hot Pestilence
   780 | D:3      | Learned a level 2 spell: Scorch
  1033 | D:2      | Noticed Natasha
  1038 | D:2      | Killed Natasha
  1128 | D:2      | Reached skill level 4 in Unarmed Combat
  1151 | D:2      | Noticed Terence
  1173 | D:2      | Noticed Natasha
  1183 | D:2      | Killed Terence
  1184 | D:2      | Reached XP level 4. HP: 17/37 MP: 4/6
  1272 | D:2      | Killed Natasha
  1307 | D:2      | Noticed Natasha
  1321 | D:2      | Killed Natasha
  1543 | D:1      | Reached skill level 5 in Unarmed Combat
  1598 | D:1      | Reached XP level 5. HP: 41/42 MP: 7/7
  3425 | D:5      | Noticed a water moccasin
  3426 | D:5      | HP: 2/42 [white imp/puff of frost (10)]
  3953 | D:4      | Reached skill level 6 in Unarmed Combat
  4184 | D:6      | Reached XP level 6. HP: 9/50 MP: 8/8
  4321 | D:6      | HP: 2/50 [kobold/+0 short sword (2)]
  4322 | D:6      | Slain by a kobold

Illustrated notes

Levels and vault maps discovered:
D:1:      wheals_arrival_shading, layout_rooms, grunt_decor_mini_mirrors,
          serial_bayou_ford_a, corexii_corridor_pit, hangedman_decor_slide_cut
D:2:      layout_basic, ebering_ecumenical_altar_mist,
          dreamdust_mushroom_princess, uniq_terence, uniq_natasha
D:3:      layout_basic, mainiacjoe_overflow_tiny_flanked,
          nemelex_spade_bored_becter, serial_shops, shop
D:4:      layout_loops_ring, gammafunk_temple_overflow_pools
D:5:      layout_gridville, amcnicky_altar_gilded, old_standard_altar,
          lemuel_doored_altar, minmay_misc_feat_ornament
D:6:      layout_loops_corners

Skill      XL: |  1  2  3  4  5 |
---------------+----------------+-----
Unarmed Combat | 2 3 4 5 6 |  6.5
Fighting       | |  2.6
Dodging        | |  1.7
Stealth        | |  4.5

Action                     |  1- 3 |  4- 6 || total
---------------------------+-------+-------++-------
  Melee: Unarmed           |    38 |   116 ||   154
         Long sword        |     6 |       ||     6
         Flail             |    33 |    14 ||    47
         Punch             |     1 |     7 ||     8
         Dagger            |       |    32 ||    32
         Spear             |       |    12 ||    12
   Fire: Sling             |    27 |    38 ||    65
  Throw: Throwing net      |       |     3 ||     3
   Cast: Scorch            |     1 |       ||     1
  Evoke: Wand              |     1 |       ||     1
    Use: Scroll            |     1 |     1 ||     2
         Potion            |     1 |     5 ||     6
   Stab: Sleeping          |     4 |     4 ||     8
         Distracted        |       |     1 ||     1
 Armour: Leather armour    |    15 |       ||    15
         Scale mail        |       |    65 ||    65
  Dodge: Dodged            |    55 |    84 ||   139

Table legend: (Time is in decaauts)
 A = Elapsed time spent in this place.
 B = Non-inter-level travel time spent in this place.
 C = Inter-level travel time spent in this place.
 D = Time resting spent in this place.
 E = Time spent auto-exploring this place.
 F = Levels seen in this place.
 G = Mean time per level.
                   A        B        C        D        E       F      G
               +--------+--------+--------+--------+--------+-----+--------+
         Total |   4348 |   4229 |    119 |    534 |   2574 |   6 |  724.7 |
       Dungeon |   4348 |   4229 |    119 |    534 |   2574 |   6 |  724.7 |
               +--------+--------+--------+--------+--------+-----+--------+

Top non-repeatable levels by time:
     D:3: 1260 daAuts
     D:2: 1080 daAuts
     D:4: 1064 daAuts
     D:1: 574 daAuts
     D:6: 237 daAuts
     D:5: 131 daAuts
